 Dungeon Crawl Stone Soup version 0.27-a0-1434-g6f15984924 (webtiles) character file.

Game seed: 11004763571274976169

15 Brandom the Insei (level 2, 0/18 HPs)
             Began as an Octopode Transmuter on July 2, 2021.
             Slain by a jackal (2 damage)
             ... on level 1 of the Dungeon.
             The game lasted 00:01:05 (260 turns).

Brandom the Insei (Octopode Transmuter)              Turns: 260, Time: 00:01:06

Health: 0/18       AC:  1    Str:  9    XL:     2   Next: 50%
Magic:  4/5        EV: 13    Int: 15    God:
Gold:   0          SH:  0    Dex: 12    Spells: 4/5 levels left

rFire    . . .     SeeInvis .     - Unarmed
rCold    . . .     Faith    .   (no shield)
rNeg     . . .     Spirit   .   (helmet restricted)
rPois    .         Reflect  .   (no amulet)
rElec    .         Harm     .   (no ring)
rCorr    .         Rampage  .   (no ring)
Will     .....                  (no ring)
Stlth    ++........             (no ring)
HPRegen  0.06/turn              (no ring)
MPRegen  0.09/turn              (no ring)
                                (no ring)
                                (no ring)

@: very slightly contaminated
A: almost no armour, amphibious, 8 rings, camouflage 1, gelatinous body 1,
(nimble swimmer 1), tentacles
a: no special abilities


You were on level 1 of the Dungeon.
You visited 1 branch of the dungeon, and saw 1 of its levels.

You aren't carrying anything.


   Skills:
 * Level 1.5 Fighting
 + Level 2.2 Dodging
 + Level 3.1 Unarmed Combat
 + Level 2.1 Spellcasting
 + Level 2.1 Transmutations


You had 4 spell levels left.
You knew the following spells:

 Your Spells              Type           Power      Damage    Failure   Level
a - Beastly Appendage     Tmut           16%        N/A       9%          1

Your spell library contained the following spells:

 Spells                   Type           Power      Damage    Failure   Level
 Wereblood                Tmut           8%         N/A       14%         2
 Spider Form              Tmut/Pois      2%         N/A       38%         3
 Ice Form                 Ice/Tmut       4%         N/A       80%         4


Dungeon Overview and Level Annotations

Branches:
Dungeon (1/15)

Altars:


Innate Abilities, Weirdness & Mutations

You cannot wear most types of armour.
You are amphibious.
You can wear up to eight rings at the same time.
Your skin changes colour to match your surroundings (Stealth+).
Your rubbery body absorbs attacks. (AC +1, EV +1)
((You are camouflaged near water. (Stealth+)))
You have tentacles for arms and can constrict up to eight enemies at once.


Message History

You tentacle-slap the goblin. Your grab misses the goblin.
Your squeeze misses the goblin.
A jackal comes into view.
The goblin hits you with a +0 club.
The jackal barks!
You tentacle-slap the goblin.
You kill the goblin!
You hear a bark!
A jackal comes into view.
The jackal barely misses you.
There is an open door here.
You closely miss the goblin. You grab the goblin. You squeeze the goblin.
You kill the goblin!
A jackal comes into view.
The jackal barks!
You tentacle-slap the jackal. Your grab misses the jackal.
A jackal comes into view.
The jackal bites you.
You barely miss the jackal.
The jackal barks!
Your grab misses the jackal. The jackal closely misses you.
The jackal barely misses you. The jackal bites you.
You closely miss the jackal. Your grab misses the jackal.
The jackal closely misses you.
The jackal bites you but does no damage.
The jackal barely misses you. The jackal bites you.
You tentacle-slap the jackal. You grab the jackal. You squeeze the jackal.
You kill the jackal!
The jackal bites you.
The jackal bites you but does no damage.
The jackal closely misses you. x2
You miss the jackal. Your grab misses the jackal. The jackal bites you.
* * * LOW HITPOINT WARNING * * *
The jackal misses you. x3
You tentacle-slap the jackal but do no damage.
Your grab misses the jackal.
You squeeze the jackal, but do no damage.
The jackal misses you. The jackal bites you.
* * * LOW HITPOINT WARNING * * *
The jackal barely misses you.
You miscast Beastly Appendage.
You are very lightly contaminated with residual magic.
Nothing appears to happen.
The jackal bites you.
* * * LOW HITPOINT WARNING * * *
The jackal bites you.
* * * LOW HITPOINT WARNING * * *
You tentacle-slap the jackal. You grab the jackal. You constrict the jackal.
You kill the jackal!
The jackal bites you.
You die...

#......# #......
#.....# #..)..#
#'#
######.######.#
.J.....).h....>#
##.####.#h####.#
...#@# #####.#
#.# # #.####.###
#.#......
######.#.##.####
#...............
#......#.##.####
#......#.##.#


You could see 2 jackals.

Vanquished Creatures
  A dart slug (D:1)
  2 goblins (D:1)
  6 jackals (D:1)
  A kobold (D:1)
  A ball python (D:1)
  A rat (D:1)
12 creatures vanquished.

Notes
Turn   | Place    | Note
-------+----------+-------------------------------------------
     0 | D:1      | Brandom the Octopode Transmuter began the quest for the
                  | Orb.
     0 | D:1      | Reached XP level 1. HP: 13/13 MP: 3/3
    79 | D:1      | Reached XP level 2. HP: 14/18 MP: 5/5
   260 | D:1      | Slain by a jackal

Illustrated notes

Levels and vault maps discovered:
D:1:      minmay_arrival_open_corners, layout_basic

Action                   || total
-------------------------++-------
Melee: Unarmed           ||    25
       Tentacles         ||     9
       Constrict         ||     7
 Stab: Sleeping          ||     1
Armor: Skin              ||     6
Dodge: Dodged            ||    17

Table legend: (Time is in decaauts)
 A = Elapsed time spent in this place.
 B = Non-inter-level travel time spent in this place.
 C = Inter-level travel time spent in this place.
 D = Time resting spent in this place.
 E = Time spent auto-exploring this place.
 F = Levels seen in this place.
 G = Mean time per level.
                   A        B        C        D        E       F      G
               +--------+--------+--------+--------+--------+-----+--------+
         Total |    258 |    258 |      0 |      0 |    211 |   1 |  258.0 |
       Dungeon |    258 |    258 |      0 |      0 |    211 |   1 |  258.0 |
               +--------+--------+--------+--------+--------+-----+--------+

Top non-repeatable levels by time:
     D:1: 258 daAuts
